 Dungeon Crawl Stone Soup version 0.27-a0-1302-g7736ffe575 (webtiles) character file.

Game seed: 16007932972295209161

186 Ijustatesigmund the Conjurer (level 5, -8/28 (30) HPs)
             Began as a Deep Elf Conjurer on June 18, 2021.
             Mangled by a wight (15 damage)
             ... on level 4 of the Dungeon.
             The game lasted 00:07:36 (3541 turns).

Ijustatesigmund the Conjurer (Deep Elf Conjurer)    Turns: 3541, Time: 00:07:38

HP:   -8/28 (30)    AC:  2    Str:  4    XL:     5   Next: 38%
MP:   11/11         EV: 13    Int: 24    God:
Gold: 156           SH:  0    Dex: 13    Spells: 7/10 levels left

rFire    . . .     SeeInvis .   e - +1 dagger (drain)
rCold    . . .     Faith    .   (no shield)
rNeg     . . .     Spirit   .   a - +0 robe
rPois    .         Reflect  .   (no helmet)
rElec    .         Harm     .   (no cloak)
rCorr    .         Rampage  .   (no gloves)
Will     .....                  (no boots)
Stlth    ++........             (no amulet)
HPRegen  0.09/turn              (no ring)
MPRegen  0.12/turn              (no ring)

@: drained
A: no striking features
a: no special abilities


You were on level 4 of the Dungeon.
You visited 1 branch of the dungeon, and saw 4 of its levels.

You collected 206 gold pieces.
You spent 50 gold pieces at shops.

Inventory:

Hand Weapons
 c - a +0 rapier
 e - a +1 dagger of draining (weapon)
Missiles
 i - 9 poisoned darts
Armour
 a - a +0 robe (worn)
Scrolls
 f - 3 scrolls of teleportation
 g - a scroll of fog
Potions
 b - 3 potions of heal wounds
 d - a potion of lignification {unknown}
 h - a potion of curing {unknown}
 j - a potion of cancellation {unknown}
 k - a potion of ambrosia {unknown}


   Skills:
 + Level 1.9 Fighting
 + Level 2.2 Short Blades
 + Level 4.0 Dodging
 - Level 2.4 Stealth
 - Level 3.0 Spellcasting
 + Level 5.2 Conjurations


You had 7 spell levels left.
You knew the following spells:

 Your Spells              Type           Power      Damage    Failure   Level
a - Magic Dart            Conj           100%       1d8       1%          1
b - Searing Ray           Conj           56%        3d5       1%          2

Your spell library contained the following spells:

 Spells                   Type           Power      Damage    Failure   Level
 Dazzling Flash           Conj/Hex       32%        N/A       11%         3
 Fulminant Prism          Conj/Hex       8%         3d7       36%         4
 Iskenderun's Mystic Bla  Conj/Tloc      16%        2d5       36%         4


Dungeon Overview and Level Annotations

Branches:
Dungeon (4/15)
 Temple: D:4-7

Altars:

Shops:
D:2 ?


Message History

Casting: Magic Dart (safe; 1% risk of failure)
Confirm with . or Enter, or press ? or * to list all spells.
You can't see any susceptible monsters within range! (Use Z to cast anyway.)
Casting: Magic Dart (safe; 1% risk of failure)
Confirm with . or Enter, or press ? or * to list all spells.
You can't see any susceptible monsters within range! (Use Z to cast anyway.)
Casting: Magic Dart (safe; 1% risk of failure)
Confirm with . or Enter, or press ? or * to list all spells.
You can't see any susceptible monsters within range! (Use Z to cast anyway.)
Casting: Magic Dart (safe; 1% risk of failure)
Confirm with . or Enter, or press ? or * to list all spells.
You can't see any susceptible monsters within range! (Use Z to cast anyway.)
Casting: Magic Dart (safe; 1% risk of failure)
Confirm with . or Enter, or press ? or * to list all spells.
You can't see any susceptible monsters within range! (Use Z to cast anyway.)
Casting: Magic Dart (safe; 1% risk of failure)
Confirm with . or Enter, or press ? or * to list all spells.
You can't see any susceptible monsters within range! (Use Z to cast anyway.) Magic restored.
You now have 156 gold pieces (gained 6).
You see here a hobgoblin corpse.
A wight is nearby!
Casting: Magic Dart (safe; 1% risk of failure)
Confirm with . or Enter, or press ? or * to list all spells.
Aiming: Magic Dart (safe; 1% risk of failure)
Press: ? - help, Shift-Dir - straight line, f - wight
Aim: a wight, wielding a +3 trident and wearing a +0 robe (lightly damaged, wandering, hasn't noticed you, 100% to hit)
The magic dart hits the wight.
The wight is moderately damaged.
A wight comes into view. It is wielding a +2 battleaxe.
The wight hits you with a +3 trident!
The wight hits you from afar with a +3 trident.
You feel much better.
The wight hits you with a +2 battleaxe!!
Ouch! That really hurt!
You feel drained.
* * * LOW HITPOINT WARNING * * *
The wight hits you from afar with a +3 trident!
Ouch! That really hurt!
You die...

#..##..## #####.####..#
......# #..## ......#
##..## ......# #...#
#####.#####...+
##.....#...#
####..###.....##########
.....## ##......@.#....#
###..# ##..###.z.z....#
##.# #...####......##
#.# ##.............#
#.###..............#
#.......#.....##...##
####......####..#####..#
........#..####.# #.##
.. .......###..)...##
#..##+##..


You could see 2 wights.

Vanquished Creatures
  A scorpion (D:4)
  An iguana (D:3)
  An adder (D:3)
  A dart slug (D:1)
  2 orcs
  13 ball pythons
  6 endoplasms
  3 giant cockroaches
  16 goblins
  7 hobgoblins
  4 jackals (D:1)
  7 kobolds
  4 quokkas
  6 bats
  A frilled lizard (D:2)
  A rat (D:2)
74 creatures vanquished.

Notes
Turn   | Place    | Note
-------+----------+-------------------------------------------
     0 | D:1      | Ijustatesigmund the Deep Elf Conjurer began the quest for
                  | the Orb.
     0 | D:1      | Reached XP level 1. HP: 10/10 MP: 6/6
   226 | D:1      | Reached XP level 2. HP: 16/16 MP: 2/8
   534 | D:1      | Learned a level 2 spell: Searing Ray
   689 | D:1      | Reached skill level 1 in Fighting
   689 | D:1      | Reached XP level 3. HP: 19/20 MP: 4/9
   772 | D:1      | Reached skill level 1 in Short Blades
  1403 | D:2      | Found Qogg's Magic Scroll Boutique.
  1456 | D:2      | Bought a scroll of identify for 20 gold pieces
  1456 | D:2      | Bought a scroll of teleportation for 30 gold pieces
  2123 | D:3      | Reached XP level 4. HP: 25/25 MP: 5/10
  2542 | D:3      | Reached skill level 5 in Conjurations
  3136 | D:4      | Noticed a scorpion
  3154 | D:4      | Killed a scorpion
  3155 | D:4      | Reached XP level 5. HP: 24/30 MP: 0/11
  3541 | D:4      | Mangled by a wight

Illustrated notes

Levels and vault maps discovered:
D:1:      saegor_arrival_simple_a, layout_loops_ring
D:2:      layout_loops_ring, serial_shops, nicolae_diamond_shop,
          minmay_misc_feat_diagonals, minmay_misc_feat_plants,
          minmay_misc_feat_room, minivault_26, minmay_goblin_kobold_house
D:3:      layout_rooms, minmay_close_crescents
D:4:      layout_layer_cave, minmay_temple_entry_glass,
          ebering_ghost_rock_garden, dk_noncrumbling_2, grunt_ministairs_11

Skill      XL: |  1  2  3  4 |
---------------+-------------+-----
Dodging        | 3 4 |  4.0
Fighting       | 1 |  1.9
Short Blades   | 1 2 |  2.2
Conjurations   | 5 |  5.2
Stealth        | |  2.4
Spellcasting   | |  3.0

Action                   |  1- 3 |  4- 6 || total
-------------------------+-------+-------++-------
Melee: Dagger            |     2 |     7 ||     9
 Cast: Magic Dart        |    77 |    37 ||   114
       Searing Ray       |     3 |     3 ||     6
  Use: Scroll            |     5 |       ||     5
       Potion            |       |     3 ||     3
 Stab: Sleeping          |     1 |     1 ||     2
Armor: Robe              |     3 |     3 ||     6
Dodge: Dodged            |     4 |    11 ||    15

Table legend: (Time is in decaauts)
 A = Elapsed time spent in this place.
 B = Non-inter-level travel time spent in this place.
 C = Inter-level travel time spent in this place.
 D = Time resting spent in this place.
 E = Time spent auto-exploring this place.
 F = Levels seen in this place.
 G = Mean time per level.
                   A        B        C        D        E       F      G
               +--------+--------+--------+--------+--------+-----+--------+
         Total |   3539 |   3494 |     45 |    561 |   2600 |   4 |  884.8 |
       Dungeon |   3539 |   3494 |     45 |    561 |   2600 |   4 |  884.8 |
               +--------+--------+--------+--------+--------+-----+--------+

Top non-repeatable levels by time:
     D:2: 1057 daAuts
     D:1: 1057 daAuts
     D:4: 787 daAuts
     D:3: 637 daAuts
